 Dungeon Crawl Stone Soup version 0.21.1-1-g345015f (webtiles) character file.

1071 Solrac the Basher (level 8, 0/66 HPs)
             Began as a Minotaur Berserker on Feb 18, 2018.
             Was a Priest of Trog.
             Slain by a wight
             ... wielding a +0 trident
              (6 damage)
             ... on level 6 of the Dungeon.
             The game lasted 00:34:07 (5182 turns).

Solrac the Basher (Minotaur Berserker)              Turns: 5182, Time: 00:34:07

Health: 0/66       AC: 13    Str: 24    XL:     8   Next: 7%
Magic:  7/7        EV:  9    Int:  4    God:    Trog [***...]
Gold:   242        SH:  4    Dex: 10    Spells: 7/7 levels left

rFire    . . .     SeeInvis .   a - +0 mace
rCold    . . .     Gourm    .   (no shield)
rNeg     . . .     Faith    .   r - +0 chain mail
rPois    +         Spirit   .   (helmet restricted)
rElec    .         Reflect  +   (no cloak)
rCorr    .         Harm     .   l - +0 pair of gloves
MR       .....                  o - +2 pair of boots
Stlth    ..........             j - +4 amulet of reflection
HPRegen  0.21/turn              n - ring of poison resistance
MPRegen  0.10/turn              (no ring)

@: berserk cooldown, very slightly contaminated
A: retaliatory headbutt, horns 2
a: Berserk, Trog's Hand, Burn Spellbooks, Renounce Religion


You were on level 6 of the Dungeon.
You worshipped Trog.
Trog was most pleased with you.
You were very hungry.

You visited 1 branch of the dungeon, and saw 6 of its levels.

You collected 242 gold pieces.

Inventory:

Hand Weapons
 a - a +0 mace (weapon)
Armour
 b - a +0 animal skin
 l - a +0 pair of gloves (worn)
 o - a +2 pair of boots (worn)
 r - a +0 chain mail (worn)
Jewellery
 j - a +4 amulet of reflection (around neck)
 n - a ring of poison resistance (left hand)
 q - a +2 amulet of reflection
Wands
 s - a wand of digging (18)
Scrolls
 f - 2 scrolls of remove curse
 g - 4 scrolls of teleportation
 i - 3 scrolls of enchant armour {unknown}
 m - a scroll of immolation {unknown}
 p - 3 scrolls of enchant weapon {unknown}
 u - a scroll of random uselessness {unknown}
Potions
 k - 4 potions of curing
 t - 2 potions of haste {unknown}
Comestibles
 c - 14 rations
 h - 5 chunks of flesh


   Skills:
 - Level 3.7 Fighting
 + Level 11.6 Maces & Flails
 - Level 2.4 Armour
 - Level 2.2 Dodging


You had 7 spell levels left.
You didn't know any spells.

Dungeon Overview and Level Annotations

Branches:
Dungeon (6/15)             Temple (0/1) D:6

Altars:
Gozag
Qazlal
Xom

Annotations:
D:3 2 transporters


Innate Abilities, Weirdness & Mutations

You reflexively headbutt those who attack you in melee.
You have a pair of horns on your head.


Message History

The tomahawk closely misses you.
The wight hits you from afar with a trident.
* * * LOW HITPOINT WARNING * * *
The orc misses you.
The leopard gecko bites you but does no damage.
The orc hits you but does no damage.
A bullfrog comes into view.
The bullfrog gives a loud, deep croak!
The orc barely misses you. You furiously retaliate!
You headbutt the orc!
You kill the orc!
Trog accepts your kill. The leopard gecko barely misses you.
You furiously retaliate!
You headbutt the leopard gecko. The wight closely misses you.
The leopard gecko closely misses you. The wight hits you but does no damage.
The leopard gecko bites you but does no damage.
You feel yourself speed up.
The leopard gecko bites you but does no damage.
The bullfrog barely misses you. The wight hits you with a trident.
You die...

#........# ## .# #........# #.
... #........# ### #. #.#
#........# .!.#.
#..##.!......# ##### .###.#.
........(.z...## #...#........
....#.#..a.....# #...#....#.#.
#..Fz..##z.lF.####...#......#.
#.az.#(##..Oz@..<....##.......
....#
#O.#888#........##...#... ...
#.#8...8.............#..# ..
....8.>............>#....#
###.#8...8#....###....##.##
#.##888#.....######......
#.######..........#...... #.#
#.##..####.#.#...# #.# #. #..#
#.#......


You could see a two-headed ogre, a bullfrog, a worker ant, 3 wights and a
leopard gecko.

Vanquished Creatures
  Eustachio (D:5)
  A sky beast (D:5)
  A centaur (D:6)
  A bullfrog (D:6)
  A scorpion (D:4)
  2 jellies
  An orc priest (D:4)
  2 hounds
  4 orc wizards
  3 worker ants
  A hound skeleton (D:4)
  7 adders
  10 gnolls
  3 shadow imps
  An ooze (D:1)
  2 adder skeletons (D:4)
  2 worms
  2 dart slugs
  6 leopard geckos
  18 orcs
  2 giant cockroaches
  5 goblins
  4 hobgoblins
  3 jackals (D:2)
  2 quokkas
  2 ball pythons
  4 bats
  8 frilled lizards
  2 jackal skeletons
  5 kobolds
  2 rats
108 creatures vanquished.

Notes
Turn   | Place    | Note
-------+----------+-------------------------------------------
     0 | D:1      | Solrac the Minotaur Berserker began the quest for the Orb.
     0 | D:1      | Reached XP level 1. HP: 19/19 MP: 0/0
    26 | D:1      | Reached skill level 4 in Maces & Flails
   180 | D:1      | Reached XP level 2. HP: 26/27 MP: 1/1
   777 | D:2      | Reached skill level 5 in Maces & Flails
   777 | D:2      | Reached XP level 3. HP: 32/33 MP: 2/2
  1125 | D:2      | Reached XP level 4. HP: 26/40 MP: 3/3
  1312 | D:2      | Reached ** piety under Trog
  1324 | D:2      | Found a stormy altar of Qazlal.
  1434 | D:2      | Reached skill level 6 in Maces & Flails
  1739 | D:2      | Found a shimmering altar of Xom.
  2012 | D:3      | Found a transporter.
  2031 | D:3      | Found a transporter.
  2077 | D:3      | Reached XP level 5. HP: 44/46 MP: 4/4
  2441 | D:3      | Reached skill level 7 in Maces & Flails
  2530 | D:4      | Found an opulent altar of Gozag.
  2773 | D:4      | Reached skill level 8 in Maces & Flails
  2868 | D:4      | Reached XP level 6. HP: 50/52 MP: 5/5
  3535 | D:4      | Reached skill level 9 in Maces & Flails
  3752 | D:5      | Entered Level 5 of the Dungeon
  3821 | D:5      | Reached *** piety under Trog
  4371 | D:5      | Reached XP level 7. HP: 58/58 MP: 6/6
  4545 | D:5      | Reached skill level 10 in Maces & Flails
  4601 | D:5      | Noticed Eustachio
  4619 | D:5      | Killed Eustachio
  4800 | D:6      | Reached skill level 11 in Maces & Flails
  4818 | D:6      | Found a staircase to the Ecumenical Temple.
  4991 | D:6      | Reached XP level 8. HP: 59/66 MP: 7/7
  5140 | D:6      | Noticed a two-headed ogre
  5182 | D:6      | Slain by a wight

Skill      XL: |  1  2  3  4  5  6  7 |
---------------+----------------------+-----
Maces & Flails | 4 5 6 8 9 11 | 11.6
Fighting       | |  3.7
Armour         | |  2.4
Dodging        | |  2.2

Action                   |  1- 3 |  4- 6 |  7- 9 || total
-------------------------+-------+-------+-------++-------
Melee: Mace              |    43 |   176 |    78 ||   297
       Headbutt          |     4 |    27 |    20 ||    51
Invok: Burn Spellbooks   |       |     1 |       ||     1
       Berserk           |       |       |     1 ||     1
  Use: Scroll            |     3 |     8 |     2 ||    13
       Potion            |       |       |     5 ||     5
  Eat: Chunk             |     1 |    10 |     2 ||    13
Armor: Animal skin       |     7 |    39 |       ||    46
       Chain mail        |       |     3 |    37 ||    40
Dodge: Dodged            |    43 |    98 |    47 ||   188
Block: Other             |       |    23 |    10 ||    33
